[Event "Titled Tuesday Blitz July 27 2021"]
[White "Gasanov, Zaur"]
[Black "Salinas Herrera, Pablo"]
[WhiteFideId "34125970"]
[BlackFideId "3407128"]
[WhiteElo "2099"]
[BlackElo "2541"]
[Result "0-1"]
[Round "03"]
[TimeControl "180+1"]
[Date "2021.07.27"]
[WhiteClock "0:00:01"]
[BlackClock "0:00:18"]

1. d4 d5 2. c4 e6 3. Nf3 a6 4. g3 dxc4 5. a4 Nc6 6. Bg2 Nf6 7. O-O Be7 8. Qc2 Na5 9. Bd2 Nb3 10. Ra2 Nxd4 11. Nxd4 Qxd4 12. Be3 Qd8 13. Qxc4 O-O 14. Nc3 b5 15. Qd3 Qxd3 16. exd3 Rb8 17. Ba7 Bd7 18. Bxb8 Rxb8 19. axb5 axb5 20. Rfa1 g6 21. Ra8 Rxa8 22. Rxa8+ Kg7 23. Ra7 Bd6 24. Rb7 b4 25. Nb5 Bxb5 26. Rxb5 Nd7 27. Kf1 Kf6 28. d4 Ke7 29. Ke2 e5 30. dxe5 Nxe5 31. b3 Nd7 32. Bc6 Nb6 33. Kd3 h5 34. h4 Ke6 35. Bg2 Ke7 36. Ra5 Nd7 37. Ra1 Ne5+ 38. Kd4 Ng4 39. Re1+ Kf6 40. f4 Nh6 41. Bh3 Ng8 42. Ke4 Ne7 43. Rd1 Nc6 44. Rc1 Na5 45. Rb1 Nc6 46. Bd7 Ne7 47. Rf1 Bc5 48. f5 g5 49. hxg5+ Kxg5 50. f6 Ng8 51. Rf5+ Kg6 52. Rxc5 Nxf6+ 53. Kd4 Nxd7 54. Rxc7 Nf6 55. Rc6 Kf5 56. Kc4 Ne4 57. Kxb4 Nxg3 58. Kc4 Kg5 59. b4 h4 60. b5 h3 61. b6 h2 62. Rc5+ f5 63. b7 h1=Q 64. b8=Q Qc1+ 65. Kd5 Qd2+ 66. Ke6 Qa2+ 67. Rd5 Ne4 68. Qg8+ Kf4 69. Qf7 Ng5+ 70. Kf6 Nxf7 0-1


[Site "https://www.chess.com"]

[Event "Titled Tuesday Blitz July 27 2021"]
[White "Goltsev, Dmitry"]
[Black "Sadovsky, Artem"]
[WhiteFideId "24176710"]
[BlackFideId "4155840"]
[WhiteElo "2366"]
[BlackElo "2442"]
[Result "1-0"]
[Round "03"]
[TimeControl "180+1"]
[Date "2021.07.27"]
[WhiteClock "0:01:44"]
[BlackClock "0:00:52"]

1. e4 g6 2. Nf3 Bg7 3. d4 d6 4. Nc3 e5 5. dxe5 dxe5 6. Qxd8+ Kxd8 7. Bc4 f6 8. h4 Bg4 9. Be3 c6 10. O-O-O Nd7 11. Rd2 Bxf3 12. gxf3 Kc7 13. Rhd1 Nb6 14. Na4 Bh6 15. Nxb6 axb6 16. Rd7+ Kb8 17. Rd8+ Ka7 18. Rxa8+ Kxa8 19. Rd8+ Ka7 20. Bxh6 1-0


[Site "https://www.chess.com"]

[Event "Titled Tuesday Blitz July 27 2021"]
[White "Hasangatin, Ramil"]
[Black "Siva Mahadevan"]
[WhiteFideId "4122160"]
[BlackFideId "25043153"]
[WhiteElo "2375"]
[BlackElo "2203"]
[Result "0-1"]
[Round "03"]
[TimeControl "180+1"]
[Date "2021.07.27"]
[WhiteClock "0:00:06"]
[BlackClock "0:00:37"]

1. e4 c5 2. Nf3 Nc6 3. Bb5 Na5 4. c3 a6 5. Be2 b5 6. d4 cxd4 7. cxd4 Bb7 8. Bd3 e6 9. O-O Nf6 10. Bg5 Be7 11. Nbd2 h6 12. Bh4 d6 13. Qe2 O-O 14. Rfc1 Nh5 15. Bxe7 Qxe7 16. Qe3 Rac8 17. b4 Nc6 18. a3 e5 19. dxe5 Nxe5 20. Be2 Ng4 21. Qd4 Nf4 22. Bf1 Ne6 23. Qb2 Ng5 24. h3 Ne5 25. Nxg5 hxg5 26. Rxc8 Bxc8 27. Qd4 Be6 28. Rc1 Qf6 29. Be2 Qf4 30. Qe3 Qf6 31. Nf3 Nxf3+ 32. Bxf3 Qe5 33. Qc3 Rc8 34. Qd2 Rc4 35. Rd1 Rc3 36. Qxd6 Qxd6 37. Rxd6 Rxa3 38. Bg4 Bxg4 39. hxg4 Ra4 40. f3 f6 41. Rd7 Rxb4 42. Ra7 Ra4 43. Kf2 Ra2+ 44. Ke3 b4 45. Rb7 a5 46. g3 Ra3+ 47. Ke2 b3 48. f4 gxf4 49. gxf4 a4 50. e5 fxe5 51. fxe5 Ra2+ 52. Kd3 b2 53. e6 Kf8 54. Kc2 a3 55. Rf7+ Ke8 56. Rxg7 Ra1 57. Rb7 Rc1+ 0-1


[Site "https://www.chess.com"]

[Event "Titled Tuesday Blitz July 27 2021"]
[White "Indjic, Aleksandar"]
[Black "Madaminov, Mukhiddin"]
[WhiteFideId "911925"]
[BlackFideId "14210703"]
[WhiteElo "2643"]
[BlackElo "1747"]
[Result "1-0"]
[Round "03"]
[TimeControl "180+1"]
[Date "2021.07.27"]
[WhiteClock "0:01:19"]
[BlackClock "0:00:02"]

1. d4 Nf6 2. Nf3 e6 3. Bg5 c5 4. e3 Nc6 5. c3 h6 6. Bh4 b6 7. Nbd2 Bb7 8. Bd3 Be7 9. a3 O-O 10. Qe2 d5 11. O-O Rc8 12. Rad1 Re8 13. Ne5 cxd4 14. exd4 Nxe5 15. dxe5 Nd7 16. Bxe7 Qxe7 17. Nf3 Nc5 18. Nd4 Nxd3 19. Qxd3 Qd7 20. Rfe1 Qa4 21. Re3 Ba6 22. Qd2 Rc7 23. Rde1 Qc4 24. Rg3 Kf8 25. h4 Rec8 26. Ree3 Qf1+ 27. Kh2 Qb1 28. Ref3 Re7 29. Qf4 Rcc7 30. Rxg7 Kxg7 31. Qf6+ Kh7 32. Rg3 Qg6 33. Rxg6 fxg6 34. Nxe6 Rxe6 35. Qxe6 Bc4 36. Qd6 Rg7 37. e6 Bb5 38. Qxd5 Be8 39. Qe5 Re7 40. f4 h5 41. g4 hxg4 42. h5 gxh5 43. f5 h4 44. f6 g3+ 45. Kh3 Rb7 46. Qe4+ Kh8 47. Qxb7 1-0


[Site "https://www.chess.com"]

[Event "Titled Tuesday Blitz July 27 2021"]
[White "Ismagilov, Damir"]
[Black "Paravyan, David"]
[WhiteFideId "34199982"]
[BlackFideId "4194985"]
[WhiteElo "2075"]
[BlackElo "2562"]
[Result "1/2-1/2"]
[Round "03"]
[TimeControl "180+1"]
[Date "2021.07.27"]
[WhiteClock "0:00:32"]
[BlackClock "0:00:02"]

1. d4 f5 2. c4 Nf6 3. Nc3 e6 4. Qc2 Bb4 5. e3 O-O 6. Bd3 b6 7. Ne2 Bb7 8. f3 Bd6 9. O-O Nc6 10. a3 a6 11. b4 Qe8 12. c5 Be7 13. e4 bxc5 14. bxc5 e5 15. Qb3+ Kh8 16. Qxb7 exd4 17. Nd5 fxe4 18. Nxc7 Qc8 19. Bxa6 Qxb7 20. Bxb7 Ra7 21. Bxc6 d3 22. Nc3 Bxc5+ 23. Kh1 e3 24. Bxe3 Bxe3 25. N7d5 Bd4 26. Nb5 dxc6 27. Nxa7 Bxa1 28. Nb4 Bb2 29. Nxd3 Bxa3 30. Nxc6 Bd6 31. Nce5 Kg8 32. Rd1 Re8 33. f4 Rd8 34. Nc5 Be7 35. Rxd8+ Bxd8 36. Ne6 Be7 37. g3 Bd6 38. Nc4 Be7 39. Kg2 Kf7 40. Ng5+ Kg6 41. Kf3 Nd7 42. Ne4 h5 43. h3 Kf7 44. g4 hxg4+ 45. hxg4 g6 46. Ne5+ Nxe5+ 47. fxe5 Ke6 48. Kf4 Kd5 49. Nf6+ Ke6 50. g5 Ba3 51. Ke4 Bc1 52. Ng4 Bxg5 53. Nf2 Bh6 54. Nh3 Bc1 55. Kf3 Kxe5 56. Kg4 Kf6 57. Nf2 Be3 58. Ne4+ Ke5 59. Ng5 Bc1 60. Nf3+ Kf6 61. Nh4 Bg5 62. Nxg6 1/2-1/2


[Site "https://www.chess.com"]

[Event "Titled Tuesday Blitz July 27 2021"]
[White "Khusnutdinov, Rustam"]
[Black "Kretov, Evgenij"]
[WhiteFideId "13701703"]
[BlackFideId "4167821"]
[WhiteElo "2571"]
[BlackElo "2400"]
[Result "1-0"]
[Round "03"]
[TimeControl "180+1"]
[Date "2021.07.27"]
[WhiteClock "0:01:19"]
[BlackClock "0:01:24"]

1. e4 c5 2. Nf3 Nc6 3. Bb5 g6 4. O-O Bg7 5. c3 Nf6 6. Re1 O-O 7. d4 cxd4 8. cxd4 d5 9. e5 Ne4 10. Bxc6 bxc6 11. Be3 Rb8 12. Qc1 Qb6 13. b3 Re8 14. Nbd2 f5 15. Nxe4 fxe4 16. Nd2 Rf8 17. Qc3 Be6 18. Rac1 Rbc8 19. b4 h6 20. Nb3 Rc7 21. Nc5 Bc8 22. a3 Kh7 23. Qd2 Bf5 24. Rc3 Ra8 25. Nb3 Bc8 26. Rec1 Ba6 27. Na5 Bb5 28. Qc2 Rac8 29. Qd2 Bd3 30. Nb3 Bc4 31. Nc5 a5 32. Bxh6 axb4 33. Rh3 Rh8 34. Ne6 1-0


[Site "https://www.chess.com"]

[Event "Titled Tuesday Blitz July 27 2021"]
[White "Krysa, Leandro"]
[Black "Bazeev, German"]
[WhiteFideId "116807"]
[BlackFideId "24119350"]
[WhiteElo "2490"]
[BlackElo "2462"]
[Result "0-1"]
[Round "03"]
[TimeControl "180+1"]
[Date "2021.07.27"]
[WhiteClock "0:00:04"]
[BlackClock "0:00:07"]

1. e4 c6 2. d4 d5 3. Nd2 dxe4 4. Nxe4 Nf6 5. Nxf6+ exf6 6. Bd3 Bd6 7. Qh5 Na6 8. c3 Nc7 9. Ne2 Ne6 10. Bd2 g6 11. Qh6 Bf8 12. Qh4 h5 13. O-O-O Be7 14. Kb1 f5 15. Qg3 Bd6 16. f4 Bd7 17. Qf3 Qc7 18. c4 O-O 19. c5 Be7 20. Bc3 b6 21. Bxf5 Ng5 22. fxg5 Bxf5+ 23. Ka1 Bxg5 24. h3 Rfe8 25. Rhf1 Re3 26. Qf2 Rae8 27. Ng1 Qg3 28. Nf3 Qxf2 29. Rxf2 Bh6 30. cxb6 axb6 31. Ne5 c5 32. g4 hxg4 33. hxg4 Be6 34. dxc5 bxc5 35. Rh1 Bg7 36. Rfh2 Bd5 37. Nf3 Kf8 38. Bxg7+ Kxg7 39. Rh7+ Kf6 40. g5+ Ke6 41. Nd2 Bxh1 42. Rxh1 Kd7 43. Nb1 Re1 44. Rh3 Kc7 45. Rc3 Kb6 46. Rb3+ Kc6 47. a3 Rd8 48. Ka2 Rdd1 0-1


[Site "https://www.chess.com"]

[Event "Titled Tuesday Blitz July 27 2021"]
[White "Le, Tuan Minh"]
[Black "Rodrigue-Lemieux, Shawn"]
[WhiteFideId "12401153"]
[BlackFideId "2620049"]
[WhiteElo "2450"]
[BlackElo "1763"]
[Result "1-0"]
[Round "03"]
[TimeControl "180+1"]
[Date "2021.07.27"]
[WhiteClock "0:00:03"]
[BlackClock "0:00:01"]

1. d4 Nf6 2. Nf3 d5 3. Bf4 c5 4. c3 Nc6 5. e3 Bg4 6. Qb3 Qc8 7. Ne5 Bd7 8. Nd2 e6 9. Ndf3 Be7 10. Be2 O-O 11. O-O Ne4 12. Rfd1 Rd8 13. Rac1 Be8 14. h3 f6 15. Nxc6 bxc6 16. c4 cxd4 17. exd4 Qd7 18. Bd3 Bd6 19. Bxd6 Qxd6 20. cxd5 cxd5 21. Bxe4 dxe4 22. Nd2 Qxd4 23. Qxe6+ Bf7 24. Qxe4 Qxb2 25. Rc2 Qa3 26. Rdc1 Rab8 27. Nf3 Re8 28. Qf4 Rbd8 29. Rc7 Qxa2 30. Nh4 Qd2 31. Qxd2 Rxd2 32. Nf5 a5 33. Ra7 Bg6 34. Nxg7 Red8 35. Rcc7 a4 36. Ne6 Re8 37. Nf4 Bc2 38. Nh5 Rf8 39. g4 Bg6 40. Nf4 Be4 41. Re7 Bc2 42. Nh5 Bg6 43. Nf4 Bc2 44. h4 Rfd8 45. h5 Rf8 46. Ne6 Rb8 47. Nc5 Rc8 48. Nd7 1-0


[Site "https://www.chess.com"]

[Event "Titled Tuesday Blitz July 27 2021"]
[White "Leiva, Gianmarco"]
[Black "Nesterov, Arseniy"]
[WhiteFideId "3804399"]
[BlackFideId "24198455"]
[WhiteElo "2365"]
[BlackElo "2477"]
[Result "0-1"]
[Round "03"]
[TimeControl "180+1"]
[Date "2021.07.27"]
[WhiteClock "0:00:01"]
[BlackClock "0:00:11"]

1. e4 e5 2. Nf3 Nc6 3. Bc4 Bc5 4. c3 Nf6 5. d3 d6 6. O-O O-O 7. h3 h6 8. Nbd2 a5 9. Re1 a4 10. Nf1 Be6 11. Bb5 a3 12. b4 Bb6 13. Be3 Bxe3 14. Nxe3 Ne7 15. Bc4 Bxc4 16. Nxc4 b5 17. Ne3 Ng6 18. Qb3 Kh7 19. Rad1 Qc8 20. Nf5 d5 21. Ng3 dxe4 22. dxe4 c5 23. Rd2 c4 24. Qc2 Qc7 25. Nf5 Nf4 26. Red1 Nd3 27. Ne1 g6 28. Ng3 Nf4 29. Ne2 Ne6 30. g3 Rad8 31. Ng2 Rxd2 32. Rxd2 Qc6 33. Ne3 Qxe4 34. Qxe4 Nxe4 0-1


[Site "https://www.chess.com"]

[Event "Titled Tuesday Blitz July 27 2021"]
[White "Libiszewski, Fabien"]
[Black "Sadhwani, Raunak"]
[WhiteFideId "616834"]
[BlackFideId "35093487"]
[WhiteElo "2440"]
[BlackElo "2514"]
[Result "1/2-1/2"]
[Round "03"]
[TimeControl "180+1"]
[Date "2021.07.27"]
[WhiteClock "0:00:05"]
[BlackClock "0:00:15"]

1. e4 c6 2. Nf3 d5 3. d3 g6 4. e5 Bg7 5. d4 f6 6. h3 Nh6 7. Bd3 O-O 8. O-O Nf7 9. exf6 exf6 10. c4 dxc4 11. Bxc4 Nd7 12. Nc3 Nb6 13. Bb3 Kh8 14. Re1 a5 15. Bf4 g5 16. Bg3 Nd6 17. Bc2 Bf5 18. Bxd6 Bxc2 19. Qxc2 Qxd6 20. Ne4 Qd5 21. Nc5 Rf7 22. Re6 a4 23. a3 Qc4 24. Qf5 Qd5 25. Qc2 Nd7 26. Rae1 Nxc5 27. dxc5 Raf8 28. R6e4 f5 29. Rxa4 g4 30. hxg4 fxg4 31. Rxg4 Bf6 32. b4 h5 33. Rg6 Bg7 34. Qe4 Bf6 35. Rh6+ Kg8 36. Qxd5 cxd5 37. Rxh5 Rd8 38. Rd1 d4 39. b5 d3 40. c6 bxc6 41. bxc6 Ra7 42. Rf5 Kg7 43. Rc5 Rxa3 44. c7 Rc8 45. Rd5 Rxc7 46. R5xd3 Raa7 47. Rd6 Kf7 48. R6d3 Kg6 49. g3 Rc2 50. R1d2 Rc1+ 51. Kg2 Rac7 52. Rd6 R1c5 53. Ra6 Kf7 54. Rdd6 Rf5 55. Nd4 Bxd4 56. Rxd4 Rc2 57. Rf4 Rxf4 58. gxf4 Rc3 59. f3 Rc1 60. Kg3 Rg1+ 61. Kf2 1/2-1/2


[Site "https://www.chess.com"]

[Event "Titled Tuesday Blitz July 27 2021"]
[White "Makhnev, Denis"]
[Black "Yaran, Siar"]
[WhiteFideId "13707647"]
[BlackFideId "6323006"]
[WhiteElo "2537"]
[BlackElo "1977"]
[Result "1-0"]
[Round "03"]
[TimeControl "180+1"]
[Date "2021.07.27"]
[WhiteClock "0:00:56"]
[BlackClock "0:00:06"]

1. d4 d5 2. c4 e6 3. Nf3 Nf6 4. g3 Be7 5. Bg2 O-O 6. O-O dxc4 7. Qc2 a6 8. a4 Bd7 9. Qxc4 Bc6 10. Bf4 Nbd7 11. Nc3 Nb6 12. Qb3 Nbd5 13. Rfd1 Bd6 14. Bg5 h6 15. Bxf6 Nxf6 16. Ne5 Bxg2 17. Kxg2 Qb8 18. Nc4 Qa7 19. e4 Be7 20. e5 Nd5 21. Nxd5 exd5 22. Ne3 c6 23. h4 Rfe8 24. h5 Rad8 25. Nf5 Bf8 26. g4 c5 27. f4 cxd4 28. Rac1 Re6 29. a5 b6 30. Nxd4 bxa5 31. Nc6 Rxc6 32. Rxc6 Rb8 33. Qc3 Qd7 34. f5 Rxb2+ 35. Qxb2 Qxc6 36. Qd4 a4 37. Qxd5 Qc2+ 38. Rd2 Qc3 39. e6 a3 40. exf7+ Kh7 41. Re2 Bc5 42. f6 gxf6 43. Qf5+ 1-0


[Site "https://www.chess.com"]

[Event "Titled Tuesday Blitz July 27 2021"]
[White "Mirzoev, Azer"]
[Black "Martinez Alcantara, Jose Eduardo"]
[WhiteFideId "13400304"]
[BlackFideId "3805662"]
[WhiteElo "2525"]
[BlackElo "2690"]
[Result "1/2-1/2"]
[Round "03"]
[TimeControl "180+1"]
[Date "2021.07.27"]
[WhiteClock "0:00:08"]
[BlackClock "0:00:10"]

1. d4 Nf6 2. Nf3 e6 3. c4 Bb4+ 4. Bd2 Qe7 5. e3 Bxd2+ 6. Qxd2 b6 7. Nc3 Bb7 8. Be2 O-O 9. O-O d6 10. Qc2 Nbd7 11. Rfd1 c5 12. dxc5 Nxc5 13. Rac1 a6 14. b4 Nce4 15. Nxe4 Bxe4 16. Qb2 Rfc8 17. h3 h6 18. a3 Bb7 19. Qd4 Rc6 20. Nd2 Rac8 21. Bf3 d5 22. Qb2 R6c7 23. cxd5 Bxd5 24. Bxd5 Nxd5 25. Ne4 f5 26. Ng3 Nc3 27. Re1 Qf6 28. Kh1 Kh7 29. Rc2 Nd5 30. Qxf6 Nxf6 31. Rd2 h5 32. f3 Rc2 33. Rd6 R8c6 34. Rxc6 Rxc6 35. Ne2 e5 36. Rc1 Rd6 37. Kg1 Rd3 38. Rc3 Rd2 39. Ng3 f4 40. exf4 exf4 41. Ne4 Nxe4 42. fxe4 Ra2 43. e5 Kg6 44. Rc6+ Kf5 45. Rxb6 Rxa3 46. e6 Kf6 47. Kf2 g5 48. Rc6 g4 49. hxg4 hxg4 50. Rc4 Ra2+ 51. Kf1 Ra1+ 52. Kf2 Ra2+ 53. Kf1 Kxe6 54. Rxf4 g3 55. Rf3 Ra1+ 56. Ke2 Ra2+ 57. Kf1 Kd5 58. Rxg3 Kc4 59. Rg4+ Kc3 60. g3 Rb2 61. Rg6 Ra2 62. g4 Kxb4 63. g5 Kc5 64. Rg8 Kd6 65. g6 Ke7 66. Ke1 Kf6 67. Kd1 Rg2 68. Ra8 Ra2 69. Rg8 a5 70. Kc1 Rg2 71. Ra8 Ra2 72. Ra6+ Kg7 73. Kb1 Ra4 74. Kb2 Rg4 75. Rxa5 Rxg6 76. Kb3 Kh6 77. Rb5 Rg5 78. Rxg5 Kxg5 1/2-1/2


[Site "https://www.chess.com"]

[Event "Titled Tuesday Blitz July 27 2021"]
[White "Moskalenko, Alexander"]
[Black "Potapova, Margarita"]
[WhiteFideId "4155351"]
[BlackFideId "14126869"]
[WhiteElo "2495"]
[BlackElo "2229"]
[Result "1-0"]
[Round "03"]
[TimeControl "180+1"]
[Date "2021.07.27"]
[WhiteClock "0:02:01"]
[BlackClock "0:00:46"]

1. c4 Nf6 2. Nc3 e6 3. d4 Bb4 4. Qc2 O-O 5. a3 Bxc3+ 6. Qxc3 d5 7. Bg5 h6 8. Bh4 c5 9. dxc5 d4 10. Qc2 g5 11. Bg3 Nc6 12. O-O-O Qa5 13. Bd6 Re8 14. Nf3 e5 15. e3 d3 16. Bxd3 e4 17. Be2 exf3 18. gxf3 Ne7 19. h4 Bf5 20. e4 Bg6 21. hxg5 hxg5 22. Be5 Ned5 23. Bd4 Nxe4 24. Rh8# 1-0


[Site "https://www.chess.com"]

[Event "Titled Tuesday Blitz July 27 2021"]
[White "Nogerbek, Kazybek"]
[Black "Mortazavi, Ali"]
[WhiteFideId "13710427"]
[BlackFideId "401323"]
[WhiteElo "2466"]
[BlackElo "2339"]
[Result "0-1"]
[Round "03"]
[TimeControl "180+1"]
[Date "2021.07.27"]
[WhiteClock "0:00:19"]
[BlackClock "0:00:14"]

1. d4 Nf6 2. c4 g6 3. Nc3 Bg7 4. g3 O-O 5. Bg2 d6 6. Nf3 Nbd7 7. O-O e5 8. e4 c6 9. h3 Qa5 10. Re1 exd4 11. Nxd4 Ne5 12. Nb3 Qc7 13. Qe2 Be6 14. Nd2 c5 15. b3 Nc6 16. Bb2 Nd4 17. Qd3 Nd7 18. f4 a6 19. Nf3 b5 20. cxb5 axb5 21. Nxd4 Bxd4+ 22. Kh2 Qb6 23. f5 Ne5 24. Qc2 b4 25. Na4 Rxa4 26. Bxd4 cxd4 27. bxa4 Bc4 28. Rad1 d3 29. Qd2 f6 30. Rb1 Rb8 31. Qf4 g5 32. Qd2 Qd4 33. Rxb4 Rxb4 34. Qxb4 Qf2 35. Rf1 Qxa2 36. Qxd6 Kg7 37. Qe7+ Bf7 38. Kh1 Qe2 39. a5 d2 40. Qd6 Nd3 41. Kh2 Ne1 42. Rg1 d1=Q 43. Qxd1 Qxd1 44. a6 Nf3+ 45. Bxf3 Qxf3 46. a7 Qxe4 47. Ra1 Bd5 0-1


[Site "https://www.chess.com"]

[Event "Titled Tuesday Blitz July 27 2021"]
[White "Onyshchuk, Volodymyr"]
[Black "ValeriyGrinev"]
[WhiteFideId "14114038"]
[WhiteElo "2603"]
[BlackElo "2623"]
[Result "1-0"]
[Round "03"]
[TimeControl "180+1"]
[Date "2021.07.27"]
[WhiteClock "0:00:11"]
[BlackClock "0:00:02"]

1. e4 e5 2. Nf3 Nc6 3. Bc4 Nf6 4. d3 h6 5. Nbd2 d6 6. c3 g5 7. Nf1 Bg7 8. Ng3 d5 9. Bb5 Qe7 10. Qa4 Bd7 11. Nf5 Bxf5 12. exf5 O-O 13. O-O Qd6 14. Bxc6 bxc6 15. Re1 Nh5 16. h4 Nf4 17. hxg5 hxg5 18. Nxg5 Nxd3 19. Re3 Nf4 20. Rf3 f6 21. Bxf4 fxg5 22. Bxg5 e4 23. Bf4 Qd7 24. Rg3 Rxf5 25. Be3 Kf7 26. Rd1 Qe6 27. Kf1 Rh8 28. Ke2 Qd7 29. Qxe4 Re8 30. Qg4 Kf8 31. Kd2 Rxf2+ 32. Bxf2 Bh6+ 33. Kd3 Qh7+ 34. Qg6 1-0


[Site "https://www.chess.com"]

[Event "Titled Tuesday Blitz July 27 2021"]
[White "Quparadze, Giga"]
[Black "Batsuren, Dambasuren"]
[WhiteFideId "13602250"]
[BlackFideId "4902920"]
[WhiteElo "2658"]
[BlackElo "2371"]
[Result "1-0"]
[Round "03"]
[TimeControl "180+1"]
[Date "2021.07.27"]
[WhiteClock "0:00:06"]
[BlackClock "0:00:02"]

1. e4 e5 2. Nf3 Nc6 3. Bb5 a6 4. Ba4 b5 5. Bb3 Nf6 6. Qe2 Bb7 7. a4 Be7 8. Nc3 b4 9. Nd5 d6 10. Nxf6+ Bxf6 11. Bd5 O-O 12. Qc4 Qd7 13. a5 Nxa5 14. Rxa5 c6 15. Bxf7+ Rxf7 16. Qxb4 c5 17. Qc4 Qg4 18. O-O Bxe4 19. Ra4 d5 20. Qxc5 Rc8 21. Qb6 d4 22. Ne1 Bh4 23. f3 Rcf8 24. Qb3 Qf5 25. Nd3 Ba8 26. Ra5 Bf6 27. Nf2 Kh8 28. Ne4 Bxe4 29. fxe4 Qxe4 30. Qd3 Qc6 31. Rxa6 Qb7 32. Qa3 e4 33. Re6 Qd5 34. Qd6 Qh5 35. Rxe4 d3 36. Ref4 dxc2 37. d4 Qe2 38. Qc5 Qd3 39. Kh1 Bxd4 40. Qxf8+ Rxf8 41. Rxf8# 1-0


[Site "https://www.chess.com"]

[Event "Titled Tuesday Blitz July 27 2021"]
[White "Shahade, Gregory"]
[Black "Perez Ponsa, Federico"]
[WhiteFideId "2009064"]
[BlackFideId "117927"]
[WhiteElo "2681"]
[BlackElo "2672"]
[Result "0-1"]
[Round "03"]
[TimeControl "180+1"]
[Date "2021.07.27"]
[WhiteClock "0:00:10"]
[BlackClock "0:00:11"]

1. e4 e5 2. Nf3 Nc6 3. Bb5 Nf6 4. d3 Bc5 5. O-O Nd4 6. Nxd4 Bxd4 7. c3 Bb6 8. Ba4 O-O 9. Bg5 h6 10. Bh4 d6 11. Nd2 c6 12. Nc4 Bc7 13. Ne3 g5 14. Bg3 Re8 15. Bb3 Kg7 16. Qe2 a5 17. a4 d5 18. f3 Bb6 19. Kh1 Nh5 20. exd5 Nf4 21. Qd2 Bxe3 22. Qxe3 cxd5 23. Rae1 Bf5 24. Bxf4 gxf4 25. Qd2 Ra6 26. d4 f6 27. dxe5 fxe5 28. Qxd5 Qxd5 29. Bxd5 Rd6 30. c4 Kf6 31. g3 fxg3 32. hxg3 Rb6 33. Rf2 Rb4 34. Rfe2 Rxa4 35. f4 e4 36. Bxe4 Bg4 37. Re3 Rb4 38. b3 b5 39. Bd5 Rxe3 40. Rxe3 bxc4 41. bxc4 a4 42. Ra3 Bd7 43. Kg2 Rb3 44. Ra2 a3 45. Be4 Rb2+ 46. Rxb2 axb2 47. Bb1 Bf5 48. Ba2 Be6 49. Kf3 Bxc4 50. Bb1 Bd5+ 51. Ke3 Be6 52. Kd2 Bf5 53. Ba2 h5 54. Ke3 b1=Q 55. Bxb1 Bxb1 56. Kd4 Bf5 57. Ke3 Bg4 58. Ke4 Bc8 59. Ke3 Bb7 60. Kd4 Kf5 61. Ke3 Kg4 62. Kf2 Bc6 63. f5 Kxf5 64. Kg1 Kg4 65. Kh2 Bd5 66. Kg1 Kxg3 67. Kf1 h4 68. Ke2 h3 0-1


[Site "https://www.chess.com"]

[Event "Titled Tuesday Blitz July 27 2021"]
[White "Tang, Andrew"]
[Black "Nguyen, Quoc Hy"]
[WhiteFideId "2059630"]
[BlackFideId "12410853"]
[WhiteElo "2599"]
[BlackElo "1975"]
[Result "1-0"]
[Round "03"]
[TimeControl "180+1"]
[Date "2021.07.27"]
[WhiteClock "0:00:20"]
[BlackClock "0:00:05"]

1. d4 d5 2. Bf4 Nf6 3. e3 Bf5 4. c4 c6 5. Nc3 e6 6. Qb3 Qc8 7. Nf3 Be7 8. Rc1 O-O 9. Be2 Nbd7 10. h3 dxc4 11. Bxc4 Nb6 12. Be2 Nfd5 13. Bg3 Nxc3 14. Rxc3 Qd8 15. O-O Bd6 16. Be5 Be4 17. Bxd6 Qxd6 18. Nd2 Bg6 19. Rc5 Nd7 20. Rcc1 Rab8 21. Qa4 a6 22. Qa5 Rfe8 23. f4 Qd5 24. Qa3 c5 25. Bf3 Qd6 26. Nb3 b6 27. Rfd1 Qe7 28. Qxa6 h6 29. Qa3 Qf6 30. dxc5 Nxc5 31. Nd4 Be4 32. Bxe4 Nxe4 33. Nc6 Ra8 34. Qb4 Qg6 35. Ne5 Qf5 36. g4 Qh7 37. Rc7 Rxa2 38. Rxf7 Ng3 39. Rdd7 Qb1+ 40. Kg2 Rxb2+ 41. Qxb2 Qxb2+ 42. Kxg3 Rc8 43. Rxg7+ Kf8 44. Rdf7+ Ke8 45. Rg8# 1-0


[Site "https://www.chess.com"]

[Event "Titled Tuesday Blitz July 27 2021"]
[White "Terry, Renato"]
[Black "Tristan, Leonardo"]
[WhiteFideId "3803457"]
[BlackFideId "113816"]
[WhiteElo "2581"]
[BlackElo "2404"]
[Result "0-1"]
[Round "03"]
[TimeControl "180+1"]
[Date "2021.07.27"]
[WhiteClock "0:00:01"]
[BlackClock "0:00:02"]

1. e4 c5 2. Nf3 Nc6 3. Bb5 g6 4. Bxc6 dxc6 5. d3 Bg7 6. h3 e5 7. Be3 b6 8. Qd2 Qc7 9. a3 a5 10. Nc3 Ne7 11. Bh6 O-O 12. Ne2 f6 13. Ng3 Be6 14. O-O c4 15. Bxg7 Kxg7 16. d4 Rad8 17. Qe3 exd4 18. Nxd4 Bf7 19. Rad1 c5 20. Nde2 Nc6 21. f4 Rfe8 22. Rxd8 Rxd8 23. e5 f5 24. Nh1 Nd4 25. c3 Ne6 26. Nf2 Be8 27. g4 Bc6 28. gxf5 gxf5 29. Ng3 Qf7 30. Kh2 Kh8 31. Rg1 Ba8 32. h4 Rf8 33. Nh3 h6 34. Rd1 Qb7 35. Qf2 Rg8 36. Rd6 Qf7 37. Rxb6 Bd5 38. Rd6 Ba8 39. a4 Rg4 40. Qd2 Qg8 41. Rxe6 Qxe6 42. Qd8+ Rg8 43. Qc7 Qc6 0-1


[Site "https://www.chess.com"]

[Event "Titled Tuesday Blitz July 27 2021"]
[White "Timmermans, Mark"]
[Black "Sanal, Vahap"]
[WhiteFideId "1026399"]
[BlackFideId "6300545"]
[WhiteElo "2460"]
[BlackElo "2495"]
[Result "0-1"]
[Round "03"]
[TimeControl "180+1"]
[Date "2021.07.27"]
[WhiteClock "0:00:24"]
[BlackClock "0:00:23"]

1. b4 e5 2. Bb2 Bxb4 3. Bxe5 Nf6 4. Nc3 c6 5. a3 Be7 6. Nf3 O-O 7. e3 d5 8. Be2 Bg4 9. O-O Nbd7 10. Bg3 Qa5 11. Nd4 Bxe2 12. Ncxe2 g6 13. a4 a6 14. Nb3 Qd8 15. a5 Ne4 16. d3 Nxg3 17. hxg3 Bd6 18. c4 dxc4 19. dxc4 Qe7 20. Qc2 Be5 21. Rab1 Rab8 22. Rfd1 Bc7 23. c5 Nf6 24. Rd4 Be5 25. Rb4 Nd5 26. Re4 f5 27. Rc4 Rfd8 28. Nbd4 Bg7 29. Qb3 Be5 30. Rc2 Kh8 31. Qa4 Nc7 32. Nf3 Bf6 33. Ned4 Nb5 34. Qb4 Qe4 35. Rc4 Bxd4 36. Nxd4 Na3 37. Qxa3 Qxb1+ 38. Kh2 Qe4 39. Qb2 Qe5 40. Rb4 Qg7 41. Rb6 Rd5 42. Rxc6 Rbd8 43. Rb6 R5d7 44. c6 bxc6 45. Rxc6 Rb7 46. Qc3 Qh6+ 0-1


[Site "https://www.chess.com"]

[Event "Titled Tuesday Blitz July 27 2021"]
[White "Ulko, Jaroslav"]
[Black "Vokhidov, Shamsiddin"]
[WhiteFideId "4116658"]
[BlackFideId "14204223"]
[WhiteElo "2304"]
[BlackElo "2572"]
[Result "0-1"]
[Round "03"]
[TimeControl "180+1"]
[Date "2021.07.27"]
[WhiteClock "0:00:10"]
[BlackClock "0:01:36"]

1. d4 Nf6 2. c4 e6 3. Nc3 Bb4 4. Bg5 O-O 5. e3 c5 6. Nf3 cxd4 7. exd4 d5 8. cxd5 exd5 9. Be2 h6 10. Bh4 Nc6 11. O-O g5 12. Bg3 Bxc3 13. bxc3 Ne4 14. Rc1 Re8 15. c4 Bg4 16. cxd5 Qxd5 17. Bc4 Qf5 18. d5 Ne5 19. Bxe5 Rxe5 20. Nd4 Bxd1 21. Nxf5 Rxf5 22. Rcxd1 Nd6 23. Bb3 Rc8 24. Rfe1 Kf8 25. Rd4 Rc5 26. h4 a5 27. hxg5 hxg5 28. g4 Rf4 29. Rxf4 gxf4 30. Kg2 b5 31. Re5 a4 32. Bd1 Rc1 33. Bf3 Rc2 34. Re2 Rc3 35. g5 Nf5 36. Rd2 Nh4+ 0-1


[Site "https://www.chess.com"]

[Event "Titled Tuesday Blitz July 27 2021"]
[White "Zhigalko, Sergei"]
[Black "Willow, Jonah B"]
[WhiteFideId "13502956"]
[BlackFideId "438804"]
[WhiteElo "2662"]
[BlackElo "2261"]
[Result "1-0"]
[Round "03"]
[TimeControl "180+1"]
[Date "2021.07.27"]
[WhiteClock "0:00:04"]
[BlackClock "0:00:02"]

1. e4 c5 2. Nf3 Nc6 3. c3 Nf6 4. e5 Nd5 5. Bc4 Nb6 6. Bb3 g6 7. d4 cxd4 8. Ng5 e6 9. Ne4 Nxe5 10. Qxd4 Bg7 11. Bg5 f6 12. Nd6+ Kf8 13. Bf4 Qe7 14. O-O Nd5 15. Nxc8 Nxf4 16. Qxf4 Rxc8 17. Nd2 f5 18. Rad1 Bf6 19. Qh6+ Qg7 20. Qe3 b6 21. f4 Ng4 22. Qg3 Be7 23. Nf3 Ne3 24. Ne5 Nxd1 25. Nxd7+ Ke8 26. Rxd1 Bc5+ 27. Kf1 Qe7 28. Ne5 Rd8 29. Ba4+ Kf8 30. Re1 Kg7 31. Nc6 Qd6 32. Nxd8 Rxd8 33. b4 Bxb4 34. cxb4 Qxb4 35. Bb3 Rd2 36. Qe3 Qd6 37. Qe5+ Qxe5 38. Rxe5 Rd4 39. g3 Rd2 40. Re2 1-0


[Site "https://www.chess.com"]